 Dungeon Crawl Stone Soup version 0.23.0 (webtiles) character file.

Game seed: 8038734196359702234

452776 Infinimo the Shatterer (level 23, -8/331 (333) HPs)
             Began as a Minotaur Berserker on Feb 12, 2019.
             Was the Champion of Trog.
             Killed from afar by an ancient lich (115 damage)
             ... with a crystal spear
             ... on level 3 of the Crypt.
             The game lasted 01:40:55 (50772 turns).

Infinimo the Shatterer (Minotaur Berserker)        Turns: 50772, Time: 01:40:56

HP:   -8/331 (333)  AC: 38    Str: 27    XL:     23   Next: 22%
MP:   7/7           EV: 15    Int:  7    God:    Trog [******]
Gold: 2584          SH: 32    Dex: 11    Spells: 22/22 levels left

rFire    + + .     SeeInvis +   U - +7 eveningstar (antimagic)
rCold    + . .     Gourm    .   f - +10 large shield of Ignorance {rN+ Int-4}
rNeg     + + +     Faith    .   q - +7 plate armour {rC+}
rPois    .         Spirit   .   (helmet restricted)
rElec    .         Reflect  .   J - +2 cloak
rCorr    .         Harm     .   K - +2 pair of gloves
MR       +++..     Rnd*Tele +   S - +2 pair of boots {run}
Stlth    ..........             Z - amulet "Eshru Are" {Regen+ Str-2 Int+4 SInv}
HPRegen  1.05/turn              W - +4 ring of slaying
MPRegen  0.10/turn              R - ring of Qaeblij {rF++ rN+++ MR+ Str-2 Stlth-}

@: berserking (expiring), marked, studying Stealth, very quick
A: retaliatory headbutt, horns 2, magic resistance 1, teleportitis 1, weak 1,
MP-powered wands
}: 2/15 runes: barnacled, gossamer
a: Berserk, Trog's Hand, Brothers in Arms, Renounce Religion


You were on level 3 of the Crypt.
You worshipped Trog.
Trog was exalted by your worship.
You were not hungry.

You visited 8 branches of the dungeon, and saw 41 of its levels.
You visited the Abyss 1 time.
You visited 1 bazaar.
You also visited: Volcano.

You collected 5518 gold pieces.
You spent 2934 gold pieces at shops.

Inventory:

Hand Weapons
 U - a +7 antimagic eveningstar (weapon)
Armour
 f - the +10 large shield of Ignorance (worn) {rN+ Int-4}
   (You found it on level 2 of the Orcish Mines)

   It affects your intelligence (-4).
   It protects you from negative energy.
 q - a +7 plate armour of cold resistance (worn)
 J - a +2 cloak (worn)
 K - a +2 pair of gloves (worn)
 P - the +6 plate armour of Cuelloha {rPois Stlth+}
   (You bought it in a shop on level 2 of the Orcish Mines)

   It protects you from poison.
   It makes you more stealthy.
 S - a +2 pair of boots of running (worn)
Jewellery
 g - an uncursed ring of magical power
 E - the ring "Gegaugh" {rElec EV+4 Str+2 Stlth+}
   (You found it on level 11 of the Dungeon)

   [ring of evasion]

   It affects your evasion (+4).
   It affects your strength (+2).
   It insulates you from electricity.
   It makes you more stealthy.
 R - the ring of Qaeblij (right hand) {rF++ rN+++ MR+ Str-2 Stlth-}
   (You bought it in a shop on level 4 of the Vaults)

   [ring of protection from magic]

   It affects your strength (-2).
   It greatly protects you from fire.
   It renders you almost immune to negative energy.
   It affects your resistance to hostile enchantments.
   It makes you less stealthy.
 W - a +4 ring of slaying (left hand)
 Z - the amulet "Eshru Are" (around neck) {Regen+ Str-2 Int+4 SInv}
   (You found it on level 3 of the Elven Halls)

   [amulet of regeneration]

   It affects your strength (-2).
   It affects your intelligence (+4).
   It lets you see invisible.
   It increases your rate of regeneration.
Wands
 a - a wand of scattershot (10)
 u - a wand of iceblast (59)
 C - a wand of digging (6)
 I - a wand of disintegration (13)
 N - a wand of acid (35)
Scrolls
 d - 11 scrolls of identify
 e - a scroll of summoning
 i - 3 scrolls of noise
 j - 7 scrolls of magic mapping
 n - 16 scrolls of teleportation
 t - 22 scrolls of remove curse
 x - a scroll of enchant armour
 B - 7 scrolls of blinking
 D - 7 scrolls of fog
 F - 2 scrolls of fear
 T - 2 scrolls of holy word
Potions
 b - 8 potions of curing
 h - 9 potions of brilliance
 k - 7 potions of invisibility
 l - 6 potions of ambrosia
 m - 11 potions of haste
 o - 17 potions of heal wounds
 p - 15 potions of degeneration
 r - 9 potions of flight
 v - a potion of resistance {unknown}
 w - 2 potions of agility
 z - 7 potions of lignification
 A - 3 potions of magic
 G - 6 potions of might
 H - 6 potions of mutation
 L - 3 potions of berserk rage
 M - 3 potions of cancellation
Books
 X - a manual of Stealth
Comestibles
 c - 64 rations


   Skills:
 + Level 21.9 Fighting
 + Level 26.2 Maces & Flails
 + Level 21.8 Armour
 + Level 19.8 Dodging
 + Level 16.7 Shields


You had 22 spell levels left.
You didn't know any spells.
Your spell library was empty.

Dungeon Overview and Level Annotations

Branches:
Dungeon (15/15)            Temple (0/1) D:6            Lair (6/6) D:9
 Shoals (4/4) Lair:3       Spider (4/4) Lair:2        Slime (0/5) Lair:5
    Orc (2/2) D:12            Elf (3/3) Orc:2        Vaults (4/5) D:13
  Crypt (3/3) Vaults:3       Tomb (0/3) Crypt:3      Depths (0/5) D:15

Altars:
Cheibriados
Dithmenos
Gozag
Hepliaklqana
Kikubaaqudgha
Makhleb
Okawaru
Vehumet
Xom
The Shining One
Beogh

Shops:
D:6 %   D:14 *   Orc:2 (*[=   Elf:2 *   Elf:3 *   Vaults:3 :!([(
Vaults:4 [*=[


Innate Abilities, Weirdness & Mutations

You reflexively headbutt those who attack you in melee.
You have a pair of horns on your head.
You are resistant to hostile enchantments. (MR+)
You are occasionally teleported next to monsters.
You are weak. (Str -2)
You expend magic power (3 MP) to strengthen your wands.


Message History

The ancient lich's magic leaks into the air.
You headbutt the ancient lich, but do no damage.
You furiously retaliate!
You headbutt the ancient lich, but do no damage.
You block the cacodemon's attack. x2
You beat the ancient lich like a drum!!!
You destroy the ancient lich!
Trog accepts your kill.
Trog appreciates your killing of a magic user.
The cacodemon disappears in a puff of smoke!
The Hell Sentinel disappears in a puff of smoke!
You block the ancient lich's attack.
You sock the ancient lich!
The ancient lich's magic leaks into the air.
You headbutt the ancient lich! You puncture the ancient lich!
The ancient lich's magic leaks into the air.
The ancient lich points at you and mumbles some strange words.
The crystal spear hits you!!!!
You die...

................#..#≈≈..=)))))%..
...................#≈.....[|}:...
...................#.............
...................#....8.###.8..
...................#.......^.....
#..................#######'''####
#'''##.......#''§...##.LL........
#...##.^.....#......##..LL.......
#...##.......#..@§...###.......##
#...##.......#.L.###...##'''''##.
#...##.......#...# #.............
#...##.......'...# #.............
##...'.......'...# #.............
#...'.......'...###.............
#...'......####...'.............
#####.....## #...'.............
##...## #...'.............


You could see an ancient lich.

Vanquished Creatures
  Mennas (Crypt:1)
  5 ancient liches
  Xtahua (Crypt:1)
  2 bone dragons
  A lich (Vaults:4)
  8 ancient champions
  6 deep elf blademasters (Elf:3)
  4 deep elf master archers (Elf:3)
  The ghost of Wueresid the Spry, an adept DEWz of Sif Muna (Vaults:3)
  The ghost of Froggeryz the Severer, an adept MiFi of Cheibriados (Shoals:4)
  Kirke (Lair:6)
  Roxanne (D:14)
  A sphinx (Crypt:3)
  A storm dragon (Vaults:4)
  4 revenants
  The ghost of P0WERM0DE the Wallflower, a journeyman DDFi of Uskayaw (Shoals:4)
  A fire giant (Vaults:1)
  11 deep elf sorcerers
  4 ghost moths
  2 orc warlords
  11 emperor scorpions
  7 vault wardens
  3 curse skulls (Crypt:3)
  4 ghouls
  A deep elf elementalist (Elf:3)
  The ghost of Uummannaq the Severer, a journeyman MiFi of Gozag (D:14)
  15 ironheart preservers
  6 entropy weavers
  6 deep elf demonologists
  A juggernaut skeleton (Crypt:2)
  7 vampire knights
  A starcursed mass (Abyss:2)
  A very ugly thing (Vaults:1)
  6 deep elf annihilators
  4 stone giants
  Azrael (Elf:2)
  The ghost of Deed the Peltast, a journeyman MiFi of Wu Jian (Lair:3)
  A red draconian (Volcano)
  An ettin (Vaults:1)
  3 spark wasps
  9 eidola
  8 deep elf death magi
  2 merfolk javelineers
  A crystal guardian (Vaults:4)
  5 fire dragons
  Josephine (D:10)
  3 merfolk impalers
  A deep elf high priest (Elf:3)
  4 ice dragons
  Harold (D:11)
  4 jiangshi (Crypt:2)
  2 great orbs of eyes
  10 ogre magi
  The ghost of Hunoa the Thaumaturge, a journeyman DEFE of Sif Muna (Lair:3)
  4 rakshasas
  7 yaktaur captains
  6 hydras
  A catoblepas (D:15)
  6 vault guards
  2 merfolk avatars
  Erolcha (D:10)
  4 death knights
  3 satyrs
  25 two-headed ogres
  2 alligator snapping turtles
  8 centaur warriors
  29 dancing weapons
  A tengu warrior (D:13)
  3 merfolk aquamancers
  An orc high priest (Orc:1)
  Urug (Lair:3)
  3 death yaks (Lair:6)
  A spectral storm dragon (D:14)
  10 vampire magi
  3 deep troll shamans (Vaults:1)
  2 thrashing horrors (Abyss:2)
  2 deep troll earth magi (Vaults:1)
  3 hell knights (Abyss:2)
  A soul eater (Crypt:1)
  The ghost of rumpelstilzz the Sneak, a novice OpVM of Fedhas (D:8)
  A spectral spriggan (D:14)
  23 deep elf knights
  A salamander mystic (Volcano)
  A titan skeleton (Crypt:3)
  9 deep trolls (Vaults:1)
  4 shadow wraiths
  A spatial maelstrom (Abyss:2)
  2 unseen horrors (shapeshifter) (Vaults:2)
  3 wretched stars (Abyss:2)
  24 skeletal warriors
  A fire crab (Lair:6)
  4 unseen horrors
  9 sea snakes
  5 wizards
  3 flayed ghosts
  4 orange crystal statues (Orc:2)
  7 phantasmal warriors
  2 glowing orange brains (Vaults:4)
  A sea snake (shapeshifter) (Vaults:2)
  11 orc knights
  14 deep elf archers
  9 ironbrand convokers
  A shadow dragon zombie (Crypt:1)
  2 anaconda skeletons
  The ghost of puimuR the Cleaver, a novice HOWr of the Shining One (D:9)
  14 necromancers
  A wolf spider zombie (Crypt:2)
  19 orb spiders
  16 harpies
  A fire giant zombie (D:14)
  32 ugly things
  2 spectral deep trolls (D:14)
  23 fauns
  5 manticores
  A worldbinder (Abyss:2)
  A spectral ettin (D:14)
  21 wolf spiders
  28 slime creatures
  An iron dragon zombie (Crypt:2)
  10 orc sorcerers
  A shadow dragon skeleton (Crypt:2)
  A faun (shapeshifter) (D:15)
  81 deep elf magi
  4 salamanders (Volcano)
  A fire giant skeleton (Crypt:1)
  8 vault sentinels
  11 cyclopes
  A guardian serpent (Abyss:2)
  4 water nymphs
  A moth of wrath (Spider:3)
  8 merfolk sirens
  3 molten gargoyles (Lair:6)
  The ghost of Tovarisch the Covert, a novice VSEn (D:7)
  8 black mambas
  A titan simulacrum (Crypt:1)
  9 elephants
  2 smoke demons (Abyss:2)
  2 gargoyles
  A storm dragon simulacrum (Vaults:2)
  8 komodo dragons
  An elephant slug zombie (Crypt:1)
  A rime drake (Lair:4)
  10 spiny frogs
  30 yaktaurs
  A spriggan zombie (D:14)
  13 freezing wraiths
  2 yaktaurs (shapeshifter)
  11 demonic crawlers
  3 kobold demonologists
  An ancient zyme (Abyss:2)
  A grey draconian skeleton (Crypt:2)
  A tengu conjurer (D:13)
  20 merfolk
  5 guardian mummies (Crypt:3)
  5 trolls
  3 harpy zombies
  A sea snake skeleton (Crypt:3)
  A polar bear (Lair:2)
  8 hornets
  30 jumping spiders
  A wolf spider simulacrum (D:15)
  4 wind drakes
  16 blink frogs
  A blink frog (shapeshifter) (D:15)
  5 dream sheep (Shoals:3)
  3 raiju (Abyss:2)
  8 snapping turtles
  2 ice dragon zombies
  A bog body (Crypt:3)
  A centaur simulacrum (D:15)
  A frost giant simulacrum (Crypt:1)
  11 hippogriffs
  A stone giant simulacrum (Vaults:2)
  An air elemental (Elf:1)
  A yak (shapeshifter) (Vaults:4)
  A black mamba zombie (Crypt:1)
  A fire dragon skeleton (Crypt:3)
  8 large abominations
  6 shadows
  A flying skull (Crypt:3)
  13 wraiths
  61 redbacks
  30 yaks
  10 water elementals
  17 tarantellas
  2 wyverns
  6 fire elementals
  A black mamba skeleton (Crypt:2)
  Grum (Lair:1)
  2 ynoxinuls (Abyss:2)
  8 hogs
  A steam dragon (Lair:6)
  4 basilisks
  A chaos spawn (Abyss:2)
  3 hungry ghosts
  A human (D:7)
  2 neqoxecs (Abyss:2)
  A spatial vortex (Abyss:2)
  6 wargs
  A yaktaur simulacrum (D:14)
  Menkaure (D:7)
  8 water moccasins
  An acid dragon (shapeshifter) (D:15)
  8 hell hounds
  2 acid dragons (Vaults:2)
  A spiny frog zombie (Crypt:1)
  A floating eye (shapeshifter) (Vaults:2)
  12 porcupines
  A deep troll skeleton (Crypt:3)
  55 orc warriors
  A deep troll simulacrum (D:14)
  A gelid demonspawn skeleton (Crypt:2)
  A swamp drake (D:12)
  5 ice beasts
  38 ogres
  6 phantoms
  A black bear (D:7)
  A dream sheep zombie (Crypt:1)
  5 necrophages
  A hornet zombie (Crypt:2)
  A sky beast (D:6)
  A spiny frog skeleton (Crypt:2)
  13 boggarts
  4 wolves (Lair:1)
  24 centaurs
  2 small abominations (Abyss:2)
  4 big kobolds
  8 crocodiles
  5 gnoll sergeants
  13 bullfrogs
  3 earth elementals
  2 komodo dragon skeletons
  A wyvern skeleton (Crypt:2)
  4 scorpions
  A yak zombie (Crypt:3)
  A hornet simulacrum (Vaults:1)
  17 killer bees
  A human simulacrum (Vaults:2)
  7 howler monkeys
  14 wights
  2 electric eels
  10 centaur zombies
  5 lava snakes (Lair:6)
  5 crimson imps
  9 hounds
  A human zombie (Crypt:2)
  A bullfrog zombie (D:9)
  2 jellies
  14 orc priests
  32 orc wizards
  A soldier ant zombie (Crypt:3)
  4 gnoll shamans
  2 bullfrog skeletons
  16 centaur skeletons
  An iguana (D:11)
  An iron imp (Abyss:2)
  Ijyb (D:3)
  Terence (D:3)
  13 worker ants
  4 hell rats (Lair:1)
  A killer bee zombie (D:6)
  A demigod zombie (Crypt:2)
  A tengu zombie (Crypt:2)
  A felid zombie (Crypt:3)
  An ogre zombie (Crypt:3)
  A big kobold skeleton (Crypt:2)
  A demigod skeleton (Crypt:3)
  3 hound skeletons
  2 mummies (Crypt:3)
  A howler monkey zombie (Crypt:1)
  30 gnolls
  A howler monkey skeleton (D:5)
  4 river rats (Lair:1)
  13 adders
  3 shadow imps
  A white imp (Vaults:2)
  3 oozes
  2 worms
  2 dart slugs
  4 leopard geckos
  136 orcs
  19 bats
  12 giant cockroaches
  16 goblins
  11 hobgoblins
  12 jackals
  7 quokkas
  3 frilled lizards
  A jackal skeleton (D:6)
  22 kobolds
  A kobold zombie (Crypt:3)
  A leopard gecko skeleton (Crypt:3)
  15 rats
  A fungus (Lair:6)
  A lurking horror (Abyss:2)
1922 creatures vanquished.

Vanquished Creatures (others)
  A deep elf knight (Elf:1)
  A deep elf archer (Elf:3)
  An orb spider (Spider:3)
  A stone giant zombie (D:14)
  Psyche (D:11)
  A yaktaur (Vaults:2)
  A troll (Orc:2)
  A human (Lair:6)
  An ogre (Vaults:3)
  A boggart (D:15)
  3 fungi
  14 plants
  10 withered plants
37 creatures vanquished.

Grand Total: 1959 creatures vanquished

Notes
Turn   | Place    | Note
-------+----------+-------------------------------------------
     0 | D:1      | Infinimo the Minotaur Berserker began the quest for the
                  | Orb.
     0 | D:1      | Reached XP level 1. HP: 19/19 MP: 0/0
    63 | D:1      | Reached skill level 4 in Maces & Flails
    66 | D:1      | Reached XP level 2. HP: 27/27 MP: 1/1
   343 | D:1      | Reached XP level 3. HP: 25/33 MP: 2/2
   492 | D:1      | Reached ** piety under Trog
  1462 | D:3      | Reached skill level 5 in Maces & Flails
  1491 | D:3      | Reached XP level 4. HP: 40/40 MP: 3/3
  1522 | D:3      | Reached *** piety under Trog
  1687 | D:3      | Noticed Terence
  1698 | D:3      | Killed Terence
  1698 | D:3      | Reached XP level 5. HP: 47/47 MP: 4/4
  2117 | D:3      | Noticed Ijyb
  2125 | D:3      | Killed Ijyb
  2299 | D:3      | Found a burning altar of Makhleb.
  2299 | D:3      | Noticed a balrug
  2302 | D:3      | Noticed a neqoxec
  2302 | D:3      | Noticed a smoke demon
  2380 | D:4      | Noticed a phantom
  2384 | D:4      | Noticed an ogre
  2393 | D:4      | Reached skill level 6 in Maces & Flails
  2548 | D:4      | Reached skill level 5 in Fighting
  2635 | D:4      | Killed an ogre
  2635 | D:4      | Reached XP level 6. HP: 56/56 MP: 5/5
  2823 | D:4      | Reached skill level 7 in Maces & Flails
  3119 | D:4      | Reached **** piety under Trog
  3134 | D:4      | Reached XP level 7. HP: 60/62 MP: 6/6
  3279 | D:4      | Found a shadowy altar of Dithmenos.
  3371 | D:4      | Reached skill level 5 in Armour
  3469 | D:4      | Identified the +5 ring mail "Ceutz" {rC+ SInv}
  3635 | D:5      | Entered Level 5 of the Dungeon
  3731 | D:4      | Reached skill level 8 in Maces & Flails
  3970 | D:5      | Found an iron altar of Okawaru.
  3972 | D:5      | Found a snail-covered altar of Cheibriados.
  4110 | D:5      | Found a radiant altar of Vehumet.
  4213 | D:5      | Found an iron altar of Okawaru.
  4240 | D:5      | Reached XP level 8. HP: 67/71 MP: 7/7
  4287 | D:5      | Reached skill level 9 in Maces & Flails
  5097 | D:6      | Reached ***** piety under Trog
  5105 | D:6      | Reached skill level 10 in Maces & Flails
  5362 | D:6      | Reached XP level 9. HP: 81/81 MP: 8/8
  5487 | D:6      | Found a staircase to the Ecumenical Temple.
  5563 | D:6      | Found Ydwiyri's Food Boutique.
  5761 | D:6      | Found an ancient bone altar of Kikubaaqudgha.
  5863 | D:7      | Found a hazy altar of Hepliaklqana.
  5991 | D:7      | Reached skill level 11 in Maces & Flails
  6051 | D:7      | Noticed Menkaure
  6056 | D:7      | Killed Menkaure
  6530 | D:7      | Found a runed translucent door.
  6530 | D:7      | Noticed Tovarisch's ghost (novice VSEn)
  6530 | D:7      | Noticed a deep elf mage
  6779 | D:7      | Killed Tovarisch's ghost
  6779 | D:7      | Reached skill level 12 in Maces & Flails
  6779 | D:7      | Reached skill level 5 in Dodging
  6779 | D:7      | Reached XP level 10. HP: 91/91 MP: 9/9
  6783 | D:7      | Killed a deep elf mage
  6978 | D:8      | Found a transporter.
  6980 | D:8      | Noticed rumpelstilzz's ghost (novice OpVM)
  6982 | D:8      | Found a transporter.
  7005 | D:8      | Found a glowing golden altar of the Shining One.
  7079 | D:8      | Received a gift from Trog
  7244 | D:8      | Found a shimmering altar of Xom.
  7668 | D:8      | Killed rumpelstilzz's ghost
  7668 | D:8      | Reached skill level 13 in Maces & Flails
  8072 | D:9      | Found a staircase to the Lair.
  8099 | D:9      | Found a transporter.
  8099 | D:9      | Identified the +10 dire flail "Ocoucoha" {freeze, rElec
                  | Dex+4}
  8099 | D:9      | Noticed a two-headed ogre
  8099 | D:9      | Noticed puimuR's ghost (novice HOWr)
  8112 | D:9      | Reached skill level 10 in Fighting
  8130 | D:9      | Found a transporter.
  8199 | D:9      | Received a gift from Trog
  8255 | D:9      | Reached skill level 1 in Shields
  8636 | D:9      | Reached XP level 11. HP: 99/99 MP: 10/10
  9014 | D:9      | Killed puimuR's ghost
  9025 | D:9      | Killed a two-headed ogre
  9025 | D:9      | Reached skill level 10 in Armour
  9130 | D:10     | Entered Level 10 of the Dungeon
  9134 | D:10     | Noticed Erolcha
  9138 | D:10     | Killed Erolcha
  9214 | D:10     | Reached skill level 14 in Maces & Flails
  9589 | D:10     | Noticed Josephine
  9599 | D:10     | Killed Josephine
  9773 | D:11     | Noticed Psyche
  9777 | D:11     | Noticed Harold
  9783 | D:11     | Killed Harold
  9792 | D:11     | Paralysed by Psyche for 5 turns
  9798 | D:11     | Killed Psyche
  9805 | D:11     | Reached XP level 12. HP: 92/110 MP: 11/11
  9823 | D:11     | Reached ****** piety under Trog
  9823 | D:11     | Reached skill level 15 in Maces & Flails
  9829 | D:11     | Received a gift from Trog
  9971 | D:11     | Noticed a two-headed ogre
  9980 | D:11     | Killed a two-headed ogre
 10446 | D:11     | Got a scorched jade ring
 10515 | D:11     | Found a roughly hewn altar of Beogh.
 10754 | Lair:1   | Entered Level 1 of the Lair of Beasts
 11045 | Lair:1   | Noticed Grum
 11063 | Lair:1   | Killed Grum
 11799 | Lair:2   | Found a hole to the Spider Nest.
 11854 | Lair:2   | Noticed a five-headed hydra
 11866 | Lair:2   | Killed a five-headed hydra
 11869 | Lair:2   | Reached skill level 16 in Maces & Flails
 12839 | Lair:3   | Found a staircase to the Shoals.
 12877 | Lair:3   | Reached XP level 13. HP: 119/119 MP: 12/12
 13223 | Lair:3   | Noticed Urug
 13232 | Lair:3   | Killed Urug
 13325 | Lair:3   | Found a runed translucent gate.
 13326 | Lair:3   | Found a runed translucent gate.
 13327 | Lair:3   | Found a runed translucent gate.
 13328 | Lair:3   | Noticed Deed's ghost (journeyman MiFi)
 13329 | Lair:3   | Noticed Hunoa's ghost (journeyman DEFE)
 13739 | Lair:3   | Killed Hunoa's ghost
 13777 | Lair:3   | Killed Deed's ghost
 14051 | Lair:3   | Identified the ring "Gegaugh" {rElec EV+4 Str+2 Stlth+}
                  | (You found it on level 11 of the Dungeon)
 14095 | Lair:4   | Reached skill level 10 in Dodging
 14474 | Lair:4   | Found a dark tunnel.
 14530 | Lair:4   | Reached skill level 17 in Maces & Flails
 14569 | Volcano  | Entered a volcano
 14584 | Volcano  | Noticed a red draconian
 14590 | Volcano  | Killed a red draconian
 15332 | Lair:5   | Received a gift from Trog
 15332 | Lair:5   | Reached skill level 18 in Maces & Flails
 15399 | Lair:5   | Found a staircase to the Slime Pits.
 15665 | Lair:6   | Entered Level 6 of the Lair of Beasts
 15669 | Lair:6   | Identified a scroll of acquirement
 15871 | Lair:6   | Noticed Kirke
 15890 | Lair:6   | Killed Kirke
 15890 | Lair:6   | Reached skill level 19 in Maces & Flails
 15931 | Lair:6   | Reached XP level 14. HP: 123/129 MP: 13/13
 16464 | Lair:6   | Found a large runed translucent door.
 16464 | Lair:6   | Found a large runed translucent door.
 16656 | Lair:6   | Received a gift from Trog
 17465 | D:12     | Reached skill level 20 in Maces & Flails
 18308 | D:12     | Found a staircase to the Orcish Mines.
 18529 | Orc:1    | Entered Level 1 of the Orcish Mines
 18533 | Orc:1    | Received a gift from Trog
 18534 | Orc:1    | Noticed an orc warlord
 18551 | Orc:1    | Killed an orc warlord
 18677 | Orc:2    | Entered Level 2 of the Orcish Mines
 18677 | Orc:2    | Found a staircase to the Elven Halls.
 18933 | Orc:2    | Found a runed translucent door.
 18938 | Orc:2    | Found the +10 large shield of Ignorance {rN+ Int-4}
 18954 | Orc:2    | Found a runed translucent door.
 18967 | Orc:2    | Found Baock's Antique Weapon Shoppe.
 19003 | Orc:2    | Noticed a stone giant
 19010 | Orc:2    | Killed a stone giant
 19010 | Orc:2    | Reached skill level 21 in Maces & Flails
 19021 | Orc:2    | Found Puiraz's General Store.
 19021 | Orc:2    | Noticed an orc warlord
 19521 | Orc:1    | Received a gift from Trog
 19719 | Orc:2    | Killed an orc warlord
 19861 | Orc:2    | Found Ecaff's Antique Armour Shoppe.
 19973 | Orc:2    | Bought an ancient plate armour for 840 gold pieces
 19973 | Orc:2    | Bought a pair of glowing gloves for 225 gold pieces
 19973 | Orc:2    | Bought a pair of glowing boots for 225 gold pieces
 20050 | Orc:2    | Found Ymaulu Iroann's Jewellery Emporium.
 20060 | Orc:2    | Reached XP level 15. HP: 139/139 MP: 14/14
 20629 | Orc:2    | Found a gateway to a bazaar.
 20641 | Bazaar   | Entered a bazaar
 20641 | Bazaar   | Found Qeusa's Distillery.
 20646 | Bazaar   | Found Zekhiopn's General Store.
 20666 | Bazaar   | Found Zinawifa's Antique Armour Boutique.
 20675 | Bazaar   | Found Cosoetui's Antique Weapon Shoppe.
 20705 | Bazaar   | Found Seprug's Armour Shoppe.
 20729 | Bazaar   | Bought a pair of glowing boots for 187 gold pieces
 20960 | Orc:1    | Found a roughly hewn altar of Beogh.
 21234 | Orc:2    | Identified the +6 plate armour of Cuelloha {rPois Stlth+}
                  | (You bought it in a shop on level 2 of the Orcish Mines)
 21239 | Orc:2    | Identified a +1 pair of boots of running (You bought it in
                  | a shop in a bazaar)
 21603 | D:13     | You fall through a shaft for 2 floors!
 21603 | D:15     | Entered Level 15 of the Dungeon
 21683 | D:14     | Found a runed translucent gate.
 21684 | D:14     | Found a runed translucent gate.
 21685 | D:14     | Found a runed translucent gate.
 21702 | D:14     | Noticed Uummannaq's ghost (journeyman MiFi)
 21765 | D:14     | Received a gift from Trog
 22051 | D:13     | Found a gate to the Vaults.
 22414 | D:14     | Reached skill level 15 in Fighting
 22524 | D:14     | Identified the +1 hand axe "Luuneu Sueh" {chop, *Rage rElec
                  | Str+2}
 22703 | D:14     | Reached skill level 15 in Armour
 22715 | D:14     | Got a scorched wooden ring
 22981 | D:14     | Found an opulent altar of Gozag.
 22983 | D:14     | Found Gozag's Platinum Reserve.
 23235 | D:14     | Identified Roxanne's Incunabulum of Stones
 23235 | D:14     | Noticed Roxanne
 23250 | D:14     | Killed Roxanne
 23250 | D:14     | Received a gift from Trog
 23650 | D:14     | Killed Uummannaq's ghost
 23650 | D:14     | Reached skill level 22 in Maces & Flails
 24292 | D:15     | Reached XP level 16. HP: 151/151 MP: 15/15
 24402 | D:15     | Received a gift from Trog
 24459 | D:15     | Found a staircase to the Depths.
 24563 | D:15     | Paralysed by an ogre mage for 6 turns
 24895 | Elf:1    | Entered Level 1 of the Elven Halls
 25447 | Shoals:1 | Entered Level 1 of the Shoals
 26927 | Shoals:2 | Received a gift from Trog
 28185 | Shoals:4 | Entered Level 4 of the Shoals
 28325 | Shoals:4 | Found a runed translucent gate.
 28325 | Shoals:4 | Found a runed translucent gate.
 28325 | Shoals:4 | Found a runed translucent gate.
 28330 | Shoals:4 | Noticed P0WERM0DE's ghost (journeyman DDFi)
 28330 | Shoals:4 | Noticed Froggeryz's ghost (adept MiFi)
 28451 | Shoals:4 | Reached skill level 5 in Shields
 28517 | Shoals:4 | Received a gift from Trog
 28726 | Shoals:3 | Cast into level 2 of the Abyss (merfolk impaler)
 28870 | Abyss:2  | Reached XP level 17. HP: 160/160 MP: 16/16
 29289 | Abyss:2  | Gained mutation: You are resistant to hostile enchantments.
                  | (MR+) [a neqoxec]
 29471 | Shoals:3 | Escaped the Abyss
 29679 | Shoals:4 | Received a gift from Trog
 29950 | Shoals:4 | Reached skill level 15 in Dodging
 30061 | Shoals:4 | Got a barnacled rune of Zot
 30170 | Shoals:4 | Identified the ring of Quidghof {Dex+4 SInv} (You found it
                  | on level 14 of the Dungeon)
 30237 | Shoals:4 | Killed P0WERM0DE's ghost
 30260 | Shoals:4 | Killed Froggeryz's ghost
 30260 | Shoals:4 | Reached skill level 23 in Maces & Flails
 30530 | Spider:1 | Entered Level 1 of the Spider Nest
 31206 | Spider:1 | You fall through a shaft!
 31506 | Spider:2 | Received a gift from Trog
 32823 | Spider:3 | Reached XP level 18. HP: 171/171 MP: 0/17
 33578 | Spider:4 | Entered Level 4 of the Spider Nest
 33982 | Spider:4 | Received a gift from Trog
 34684 | Spider:4 | Got a gossamer rune of Zot
 34794 | Spider:4 | Reached skill level 10 in Shields
 35144 | Elf:1    | Found a radiant altar of Vehumet.
 35256 | Elf:1    | Received a gift from Trog
 35426 | Elf:1    | Gained mutation: You expend magic power (3 MP) to
                  | strengthen your wands. [a neqoxec]
 35429 | Elf:1    | Gained mutation: You are weak. (Str -2) [a neqoxec]
 35683 | Elf:1    | You fall through a shaft!
 36508 | Elf:2    | Received a gift from Trog
 36569 | Elf:2    | Found a runed translucent door.
 36597 | Elf:2    | Found a runed translucent door.
 36615 | Elf:2    | Noticed Azrael
 36748 | Elf:2    | Reached XP level 19. HP: 161/181 MP: 18/18
 36976 | Elf:2    | Found Ikisupe's General Store.
 37035 | Elf:2    | Bought a scroll of teleportation for 60 gold pieces
 37221 | Elf:2    | Killed Azrael
 37227 | Elf:2    | Received a gift from Trog
 37770 | Elf:2    | Received a gift from Trog
 37770 | Elf:2    | Reached skill level 24 in Maces & Flails
 38049 | Elf:3    | Entered Level 3 of the Elven Halls
 38688 | Elf:3    | Noticed a Brimstone Fiend
 38930 | Elf:3    | Found Seorapu's Assorted Antiques.
 38936 | Elf:3    | Bought a bloodstained great mace for 345 gold pieces
 38936 | Elf:3    | Identified the cursed +1 great mace "Zezy" {drain, Dex+6}
                  | (You bought it in a shop on level 3 of the Elven Halls)
 39224 | Elf:3    | Received a gift from Trog
 39456 | Elf:3    | Found the +2 robe of Vines {NoPotionHeal Regen+7}
 39465 | Elf:3    | Noticed a Tzitzimitl
 39532 | Elf:3    | Identified the Collected Works on the Supportive Voyage
 39545 | Elf:3    | Got a twisted plate armour
 39566 | Elf:3    | Identified the +4 plate armour of Distant Shores {Int+4
                  | SInv} (You found it on level 3 of the Elven Halls)
 39598 | Elf:3    | Identified a +1 pair of boots of running (You found it on
                  | level 3 of the Elven Halls)
 39661 | Elf:3    | Got a slimy jade amulet
 39789 | Elf:3    | Identified a +2 pair of boots of running (You found it on
                  | level 3 of the Elven Halls)
 40557 | Vaults:1 | Entered Level 1 of the Vaults
 40581 | Vaults:1 | Reached XP level 20. HP: 191/191 MP: 19/19
 41265 | Vaults:1 | Received a gift from Trog
 41275 | Vaults:1 | Identified the amulet "Eshru Are" {Regen+ Str-2 Int+4 SInv}
                  | (You found it on level 3 of the Elven Halls)
 42859 | Vaults:2 | Received a gift from Trog
 42968 | Vaults:2 | Paralysed by a floating eye for 3 turns
 42976 | Vaults:2 | Paralysed by a floating eye for 4 turns
 44173 | Vaults:3 | Received a gift from Trog
 44173 | Vaults:3 | Reached XP level 21. HP: 201/201 MP: 20/20
 44225 | Vaults:3 | Reached skill level 25 in Maces & Flails
 44471 | Vaults:3 | Found a staircase to the Crypt.
 44500 | Vaults:3 | Found Heuh's Armour Shoppe.
 44562 | Vaults:3 | Received a gift from Trog
 44774 | Vaults:3 | Found Fyshudown's Weapon Boutique.
 44837 | Vaults:3 | Found a runed translucent gate.
 44837 | Vaults:3 | Found a runed translucent gate.
 44837 | Vaults:3 | Found a runed translucent gate.
 44838 | Vaults:3 | Noticed Wueresid's ghost (adept DEWz)
 44863 | Vaults:3 | Found Kiut's Antique Weapon Emporium.
 44910 | Vaults:3 | Found Onlifoyse's Distillery.
 44918 | Vaults:3 | Bought a potion of heal wounds for 90 gold pieces
 44918 | Vaults:3 | Bought a potion of curing for 54 gold pieces
 44927 | Vaults:3 | Found Weudaci's Book Boutique.
 45610 | Vaults:3 | Killed Wueresid's ghost
 45831 | Vaults:4 | Received a gift from Trog
 46120 | Vaults:4 | Found Mal Geci's Armour Shoppe.
 46167 | Vaults:4 | Reached skill level 15 in Shields
 46256 | Vaults:4 | Paralysed by a lich for 3 turns
 46512 | Vaults:4 | Found Japtoyv's Antique Armour Shoppe.
 46693 | Vaults:4 | Received a gift from Trog
 46893 | Vaults:4 | Found Visicuh's Jewellery Emporium.
 46895 | Vaults:4 | Found Bofuituu's General Store.
 46899 | Vaults:4 | Bought the ring of Qaeblij {rF++ rN+++ MR+ Str-2 Stlth-}
                  | for 908 gold pieces
 47123 | Vaults:4 | Got a brightly glowing quick blade
 47124 | Vaults:4 | Identified the +3 quick blade "Plog" {pierce, +Fly MR+}
                  | (You found it on level 4 of the Vaults)
 47413 | Crypt:1  | Entered Level 1 of the Crypt
 47446 | Crypt:1  | Reached XP level 22. HP: 173/212 MP: 7/21
 47574 | Crypt:1  | Noticed Mennas
 47602 | Crypt:1  | Killed Mennas
 47788 | Crypt:1  | Noticed Xtahua
 47796 | Crypt:1  | Killed Xtahua
 47966 | Crypt:1  | Noticed an ancient lich
 47976 | Crypt:1  | Killed an ancient lich
 47997 | Crypt:1  | Noticed an ancient lich
 48009 | Crypt:1  | Killed an ancient lich
 48077 | Crypt:1  | Received a gift from Trog
 48247 | Crypt:1  | Found the +6 Majin-Bo {vamp, Archmagi MP+6 Int+6}
 49258 | Crypt:2  | Received a gift from Trog
 49264 | Crypt:2  | Got a smoking morningstar {god gift}
 49265 | Crypt:2  | Identified the +7 morningstar "Elalaump" {venom, Str+4
                  | Dex-2 SInv} (Trog gifted it to you on level 2 of the Crypt)
 49302 | Crypt:2  | Found the +9 sword of Zonguldrok {reap}
 49394 | Crypt:3  | Entered Level 3 of the Crypt
 49625 | Crypt:3  | Reached skill level 26 in Maces & Flails
 50374 | Crypt:3  | Reached XP level 23. HP: 210/221 MP: 7/22
 50676 | Crypt:3  | Found a staircase to the Tomb.
 50723 | Crypt:3  | Noticed an ancient lich
 50723 | Crypt:3  | Noticed an ancient lich
 50727 | Crypt:3  | Noticed an ancient lich
 50727 | Crypt:3  | Noticed an ancient lich
 50760 | Crypt:3  | Gained mutation: You are occasionally teleported next to
                  | monsters. [a cacodemon]
 50761 | Crypt:3  | Killed an ancient lich
 50766 | Crypt:3  | Killed an ancient lich
 50770 | Crypt:3  | Killed an ancient lich
 50772 | Crypt:3  | Killed from afar by an ancient lich

Skill      XL: |  1  2  3  4  5  6  7  8  9 10 11 12 13 14 15 16 17 18 19 20 21 22 |
---------------+-------------------------------------------------------------------+-----
Maces & Flails | 4 5 6 7 8 10 12 13 14 16 19 21 22 23 24 25 26 | 26.2
Fighting       | 4 5 6 7 9 10 11 12 13 14 15 16 17 18 19 20 21 | 21.9
Armour         | 3 4 6 7 8 9 11 12 13 14 15 16 17 18 19 20 21 | 21.8
Dodging        | 5 6 8 9 11 12 13 14 15 16 17 18 19 | 19.8
Shields        | 1 3 5 8 10 12 13 15 16 | 16.7

Action                   |  1- 3 |  4- 6 |  7- 9 | 10-12 | 13-15 | 16-18 | 19-21 | 22-24 || total
-------------------------+-------+-------+-------+-------+-------+-------+-------+-------++-------
Melee: Mace              |    98 |    66 |       |       |       |       |       |       ||   164
       Headbutt          |    15 |    21 |    57 |    99 |   291 |   445 |   430 |   201 ||  1559
       Flail             |       |    59 |    80 |       |       |       |       |       ||   139
       Morningstar       |       |       |   227 |   244 |       |       |       |       ||   471
       Dire flail        |       |       |       |   308 |   313 |       |       |       ||   621
       Great mace        |       |       |       |       |   912 |  1071 |       |       ||  1983
       Eveningstar       |       |       |       |       |       |   875 |  1814 |   769 ||  3458
Invok: Berserk           |     1 |     8 |    12 |    16 |    22 |    11 |    18 |     5 ||    93
Evoke: Wand              |       |       |       |       |     2 |     3 |       |       ||     5
  Use: Scroll            |     4 |     9 |     6 |     1 |    13 |     2 |    21 |     2 ||    58
       Potion            |       |       |       |       |     1 |     1 |       |       ||     2
  Eat: Chunk             |     3 |    10 |    21 |    29 |    48 |    46 |    38 |     1 ||   196
       Ration            |       |       |     1 |     2 |     3 |     2 |     3 |     5 ||    16
Armor: Animal skin       |     9 |       |       |       |       |       |       |       ||     9
       Scale mail        |    19 |    65 |     6 |       |       |       |       |       ||    90
       Ring mail         |       |       |   194 |   164 |    17 |       |       |       ||   375
       Plate armour      |       |       |       |       |   504 |  1159 |   450 |   200 ||  2313
Dodge: Dodged            |    69 |    67 |   196 |   311 |   785 |  1189 |   458 |   153 ||  3228
Block: Large shield      |       |       |       |       |       |  1141 |  1967 |   937 ||  4045
